 Dungeon Crawl Stone Soup version 0.30-a0-870-gc5d4c5acee (webtiles) character file.

Game seed: 16273767744116256875

3968 gelatine the Tainter (level 10, -15/72 HPs)
             Began as a Demonspawn Venom Mage on Mar 11, 2023.
             Was a Follower of Vehumet.
             Demolished by a cyclops (17 damage)
             ... on level 8 of the Dungeon.
             The game lasted 00:25:30 (9683 turns).

gelatine the Tainter (Demonspawn Venom Mage)        Turns: 9683, Time: 00:25:31

Health: -15/72     AC:  7    Str:  8    XL:     10   Next: 2%
Magic:  8/18       EV: 14    Int: 28    God:    Vehumet [*.....]
Gold:   331        SH:  0    Dex: 18    Spells: 9/20 levels left

rFire   + . .      SeeInvis +    g - +6 hand axe "Vezivup" {heavy, Drain rPois rF+ rCorr Dex+5}
rCold   . . .      Faith    .    (no shield)
rNeg    + . .      Spirit   .    a - +0 robe
rPois   +          Reflect  .    y - +0 helmet
rElec   .          Rampage  .    H - +0 cloak
rCorr   +                        L - +2 pair of gloves
Will    .....                    (no boots)
Stlth   ++                       (no amulet)
HPRegen 1.12/turn                B - ring of positive energy
MPRegen 0.32/turn                k - ring of see invisible

@: no status effects
A: hooves 2, magic regeneration, big brain 3, regeneration 1, MP-powered wands
a: Renounce Religion


You were on level 8 of the Dungeon.
You worshipped Vehumet.
Vehumet was aware of your devotion.
You visited 2 branches of the dungeon, and saw 9 of its levels.

You collected 583 gold pieces.
You spent 252 gold pieces at shops.

Inventory:

Hand Weapons
 g - the +6 hand axe "Vezivup" (weapon) {heavy, Drain rPois rF+ rCorr Dex+5}
   (You found it on level 8 of the Dungeon)

   Dex:       It affects your dexterity (+5).
   rF:        It protects you from fire.
   rPois:     It protects you from poison.
   rCorr:     It protects you from acid and corrosion.
   Drain:     It drains your maximum health when unequipped.
 v - a +2 whip of flaming
 x - the +5 long sword of the Fox {distort, rElec}
   (You took it off a goblin on level 4 of the Dungeon)

   rElec:     It insulates you from electricity.
 G - a +2 hand axe of freezing
Missiles
 D - 6 silver javelins
Armour
 a - a +0 robe (worn)
 y - a +0 helmet (worn)
 H - a +0 cloak (worn)
 L - a +2 pair of gloves (worn)
Jewellery
 f - a ring of fire
 k - a ring of see invisible (right hand)
 B - a ring of positive energy (left hand)
Wands
 t - a wand of digging (5)
Scrolls
 b - 2 scrolls of fog
 c - 2 scrolls of blinking {unknown}
 d - a scroll of magic mapping {unknown}
 e - 2 scrolls of immolation {unknown}
 j - a scroll of fear {unknown}
 l - 6 scrolls of teleportation
 m - 3 scrolls of enchant weapon
 n - a scroll of enchant armour {unknown}
 r - 2 scrolls of noise {unknown}
 u - a scroll of butterflies {unknown}
 I - 2 scrolls of poison {unknown}
 K - a scroll of amnesia {unknown}
Potions
 i - 4 potions of brilliance
 o - 4 potions of heal wounds
 p - 4 potions of curing
 q - 2 potions of cancellation
 s - a potion of magic
 w - 2 potions of ambrosia
 z - 2 potions of lignification
 A - 2 potions of berserk rage
 C - 2 potions of haste


   Skills:
 * Level 4.2 Fighting
 + Level 1.8(2.1) Axes
 + Level 1.3(1.8) Maces & Flails
 * Level 4.6 Dodging
 + Level 2.2 Stealth
 + Level 5.9 Spellcasting
 + Level 1.0 Conjurations
 * Level 5.8 Transmutations
 * Level 2.3 Fire Magic
 + Level 0.5 Air Magic
 * Level 8.1 Poison Magic
 * Level 2.7 Evocations


You had 9 spell levels left.
You knew the following spells:

 Your Spells              Type           Power      Damage    Failure   Level
a - Sting                 Tmut/Pois      100%       1d8       1%          1
b - Poisonous Vapours     Pois/Air       64%        N/A       1%          2
c - Mephitic Cloud        Conj/Pois/Air  26%        N/A       1%          3
d - Olgreb's Toxic Radia  Pois           52%        N/A       1%          4
e - Foxfire               Conj/Fire      68%        2x1d7     1%          1

Your spell library contained the following spells:

 Spells                   Type           Power      Damage    Failure   Level
 Kiss of Death            Conj/Necr      44%        2d8       1%          1
 Wereblood                Tmut           41%        N/A       1%          2
 Sublimation of Blood     Necr           8%         N/A       4%          2
 Kindle Blastsparks       Fire/Tloc/Air  26%        2d12      5%          3
 Fulminant Prism          Conj/Hex       5%         3d7       19%         4
 Iskenderun's Mystic Bla  Conj/Tloc      11%        2d4       19%         4
 Eringya's Noxious Bog    Tmut/Pois      23%        N/A       21%         6
 Anguish                  Hex/Necr       4%         N/A       24%         4
 Fireball                 Conj/Fire      8%         3d6       32%         5
 Lee's Rapid Deconstruct  Erth           4%         3d5*      52%         5
 Summon Forest            Summ/Tloc      4%         N/A       52%         5
 Starburst                Conj/Fire      8%         6d4       86%         6
 Enfeeble                 Hex            4%         N/A       100%        7
 Summon Hydra             Summ           4%         N/A       100%        7


Dungeon Overview and Level Annotations

Branches:
Dungeon (8/15)             Temple (1/1) D:7
   Lair: D:8-11

Altars:
Ashenzari
Cheibriados
Dithmenos
Fedhas
Gozag
Hepliaklqana
Kikubaaqudgha
Makhleb
Nemelex Xobeh
Okawaru
Qazlal
Ru
Sif Muna
Trog
Uskayaw
Vehumet
Wu Jian
Xom
Yredelemnul

Shops:
D:6 *   D:8 !

Annotations:
D:4 2 runed translucent doors, NinjaNoafa's ghost, amateur SpWr


Innate Abilities, Weirdness & Mutations

You have hoof-like feet.
You regenerate magic rapidly.
You have an absolutely massive brain. (Int +6, Wiz)
Your natural rate of healing is unusually fast.
You expend magic power (3 MP) to strengthen your wands.


Message History

The cyclops throws a large rock.
The large rock closely misses you.
Casting: Olgreb's Toxic Radiance (dangerous; 1% risk of failure)
Confirm with . or Enter, or press ? or * to list all spells.
You begin to radiate toxic energy.
The cyclops is poisoned.
The cyclops looks even sicker.
Casting: Olgreb's Toxic Radiance (dangerous; 1% risk of failure)
Confirm with . or Enter, or press ? or * to list all spells.
Aiming: Mephitic Cloud (safe; 1% risk of failure)
Press: ? - help, Shift-Dir - straight line The ball explodes into a vile cloud!
The stinking cloud engulfs the cyclops but does no damage.
The cyclops is lightly wounded.
The cyclops looks even sicker.
Your toxic aura wanes.
Casting: Mephitic Cloud (safe; 1% risk of failure)
Confirm with . or Enter, or press ? or * to list all spells.
You begin to radiate toxic energy.
The cyclops looks as sick as possible!
The cyclops is engulfed in noxious fumes.
The sting hits the cyclops but does no damage.
The cyclops looks as sick as possible!
The cyclops is moderately wounded.
Your toxic aura wanes.
The cyclops throws a large rock.
The large rock hits you!!
The sting hits the cyclops.
The cyclops looks as sick as possible!
The cyclops is heavily wounded.
The sting hits the cyclops but does no damage.
The cyclops looks as sick as possible!
The cyclops is heavily wounded.
You completely miss the cyclops.
The cyclops is heavily wounded.
The cyclops hits you!!
You hit the cyclops.
The cyclops is severely wounded.
The cyclops hits you.
You hit the cyclops.
The cyclops is almost dead.
The cyclops hits you!!
* * * LOW HITPOINT WARNING * * *
The cyclops hits you!
You die...

...#.#..#.# #.#
...#.#..#.# #.######..
...#....#.# #.........
####....#.# #.........
#....#.# #.........
#....#.#####.........
####.#..#.#.............
.....#..#.#......C......
..........#.....@.......
#######...#.............
#.......#......#######
###.#####.'......#####
.....# #>#..........#
.....# ###...[......#
.....# #..........#
.....# #..........#
.....# #...########


You could see a cyclops (very poisoned).

Vanquished Creatures
  Pikel (D:4)
  Prince Ribbit (D:7)
  A hornet (D:7)
  A water moccasin (D:7)
  2 orc warriors
  2 sky beasts (D:7)
  5 ice beasts
  2 black bears
  4 ogres
  A lemure (D:4)
  2 bullfrogs (D:7)
  A gnoll sergeant (D:5)
  3 scorpions
  3 wights (D:8)
  5 killer bees (D:7)
  A howler monkey (D:5)
  5 jellies
  2 orc priests
  7 hounds
  A sleepcap (D:7)
  Ijyb (D:4)
  2 iguanas
  5 orc wizards
  Robin (D:4)
  3 gnolls (D:5)
  6 adders
  A shadow imp (D:6)
  2 white imps
  3 worms
  3 dart slugs
  19 orcs
  9 bats
  4 endoplasms
  4 giant cockroaches
  8 hobgoblins
  9 jackals
  4 kobolds
  4 quokkas
  7 ball pythons
  3 frilled lizards
  11 goblins
  7 rats
166 creatures vanquished.

Vanquished Creatures (others)
  112 foxfires
112 creatures vanquished.

Grand Total: 278 creatures vanquished

Notes
Turn   | Place    | Note
-------+----------+-------------------------------------------
     0 | D:1      | gelatine the Demonspawn Venom Mage began the quest for the
                  | Orb.
     0 | D:1      | Reached XP level 1. HP: 13/13 MP: 3/3
   317 | D:1      | Reached skill level 1 in Transmutations
   411 | D:1      | Gained mutation: You have an unusually large brain. (Int
                  | +2) [demonic ancestry]
   411 | D:1      | Reached XP level 2. HP: 18/19 MP: 0/5
  1073 | D:1      | Gained mutation: You have large cloven feet. [demonic
                  | ancestry]
  1073 | D:1      | Reached XP level 3. HP: 24/24 MP: 4/6
  2360 | D:2      | Reached XP level 4. HP: 31/31 MP: 3/8
  2873 | D:3      | Reached skill level 1 in Fighting
  3093 | D:3      | Gained mutation: You have an extremely huge brain. (Int +4)
                  | [demonic ancestry]
  3093 | D:3      | Reached XP level 5. HP: 37/37 MP: 6/9
  3205 | D:3      | Reached skill level 4 in Poison Magic
  3640 | D:4      | Noticed a lemure
  3640 | D:4      | Noticed a lemure
  3640 | D:4      | Found a large runed translucent door.
  3641 | D:4      | Noticed a lemure
  3641 | D:4      | Noticed Pikel
  3811 | D:4      | Learned a level 2 spell: Poisonous Vapours
  3815 | D:4      | Learned a level 3 spell: Mephitic Cloud
  3820 | D:4      | Learned a level 4 spell: Olgreb's Toxic Radiance
  3824 | D:4      | Noticed Ijyb
  3824 | D:4      | Noticed an ogre
  3832 | D:4      | Killed Ijyb
  3836 | D:4      | Killed an ogre
  3837 | D:4      | Gained mutation: You have an absolutely massive brain. (Int
                  | +6, Wiz) [demonic ancestry]
  3837 | D:4      | Reached XP level 6. HP: 10/43 MP: 1/10
  3968 | D:4      | Found a large runed translucent door.
  3970 | D:4      | Noticed NinjaNoafa's ghost (amateur SpWr)
  4115 | D:4      | Killed Pikel
  4116 | D:4      | Reached skill level 1 in Maces & Flails
  4116 | D:4      | Reached skill level 5 in Poison Magic
  4116 | D:4      | Reached XP level 7. HP: 47/50 MP: 0/12
  4355 | D:4      | Identified the +5 long sword of the Fox {distort, rElec}
  4356 | D:4      | Noticed Robin
  4363 | D:4      | Killed Robin
  4965 | D:5      | Entered Level 5 of the Dungeon
  5048 | D:5      | Reached skill level 6 in Poison Magic
  5048 | D:5      | Gained mutation: You regenerate magic rapidly. [demonic
                  | ancestry]
  5048 | D:5      | Reached XP level 8. HP: 17/57 MP: 3/14
  6078 | D:5      | Learned a level 1 spell: Foxfire
  6139 | D:5      | Reached skill level 5 in Spellcasting
  6678 | D:6      | Reached skill level 1 in Evocations
  6760 | D:6      | Found Ulid's Mass Market.
  6900 | D:6      | Reached skill level 7 in Poison Magic
  6900 | D:6      | Gained mutation: You have hoof-like feet. [demonic
                  | ancestry]
  6900 | D:6      | Reached XP level 9. HP: 41/64 MP: 12/16
  7095 | D:6      | Reached skill level 1 in Fire Magic
  7557 | D:7      | Found a staircase to the Ecumenical Temple.
  7564 | Temple   | Entered the Ecumenical Temple
  7564 | Temple   | Found a transporter.
  7564 | Temple   | Found a transporter.
  7566 | Temple   | Found a transporter.
  7566 | Temple   | Found a transporter.
  7590 | Temple   | Became a worshipper of Vehumet
  7664 | D:7      | Found a snail-covered altar of Cheibriados.
  7844 | D:7      | Found an ancient bone altar of Kikubaaqudgha.
  7965 | D:7      | Reached skill level 1 in Axes
  7965 | D:7      | Reached skill level 5 in Transmutations
  8484 | D:7      | Noticed Prince Ribbit
  8489 | D:7      | Killed Prince Ribbit
  9109 | D:8      | Reached * piety under Vehumet
  9109 | D:8      | Offered knowledge of Kiss of Death by Vehumet.
  9129 | D:8      | Reached skill level 8 in Poison Magic
  9273 | D:8      | Reached skill level 1 in Conjurations
  9273 | D:8      | Found Wavydi's Distillery.
  9327 | D:8      | Reached XP level 10. HP: 45/71 MP: 10/18
  9441 | D:8      | Gained mutation: You are clumsy. (Dex -2) [potion of
                  | mutation]
  9441 | D:8      | Lost mutation: You are clumsy. (Dex -2) [potion of
                  | mutation]
  9441 | D:8      | Gained mutation: Your natural rate of healing is unusually
                  | fast. [potion of mutation]
  9441 | D:8      | Gained mutation: You expend magic power (3 MP) to
                  | strengthen your wands. [potion of mutation]
  9448 | D:8      | Bought a potion of heal wounds for 70 gold pieces
  9448 | D:8      | Bought a potion of curing for 42 gold pieces
  9448 | D:8      | Bought a potion of heal wounds for 70 gold pieces
  9448 | D:8      | Bought a potion of heal wounds for 70 gold pieces
  9659 | D:8      | Identified the +6 hand axe "Vezivup" {heavy, Drain rPois
                  | rF+ rCorr Dex+5}
  9671 | D:8      | Noticed a cyclops
  9683 | D:8      | HP: 2/72 [cyclops (28)]
  9683 | D:8      | Demolished by a cyclops

Illustrated notes

Levels and vault maps discovered:
D:1:      evilmike_arrival_crescent, layout_basic
D:2:      layout_basic
D:3:      layout_loops_corners
D:4:      layout_rooms, ebering_ghost_disaster_area, uniq_pikel, uniq_robin,
          uniq_ijyb
D:5:      layout_loops_corners
D:6:      wad_crossroads, layout_loops_ring, minmay_shop_mass
D:7:      layout_basic, jmf_multi_god_temple, minmay_temple_entry_wispy,
          uniq_prince_ribbit1
D:8:      layout_basic, serial_shops, nicolae_shop_stone
Temple:   hellmonk_temple_divided_pantheon

Skill      XL: |  1  2  3  4  5  6  7  8  9 |
---------------+----------------------------+-----
Transmutations | 1 2 3 4 5 |  5.8
Dodging        | 2 3 4 |  4.6
Fighting       | 1 2 3 4 |  4.2
Poison Magic   | 4 5 6 7 8 |  8.1
Stealth        | 2 |  2.2
Spellcasting   | 3 4 5 |  5.9
Maces & Flails | 1 |  1.3
Evocations     | 1 2 |  2.7
Fire Magic     | 2 |  2.3
Axes           | 1 |  1.8
Conjurations   | 1 |  1.0
Air Magic      | |  0.5

Action                     |  1- 3 |  4- 6 |  7- 9 | 10-12 || total
---------------------------+-------+-------+-------+-------++-------
  Melee: Unarmed           |    16 |       |       |       ||    16
         Whip              |    32 |    27 |    23 |       ||    82
         Kick              |       |    10 |    40 |     2 ||    52
         Hand axe          |       |       |   105 |     5 ||   110
         Punch             |       |       |     2 |       ||     2
   Cast: Sting             |    91 |    63 |   117 |     3 ||   274
         Olgreb's Toxic Ra |       |     2 |    27 |     3 ||    32
         Mephitic Cloud    |       |     2 |     2 |     1 ||     5
         Poisonous Vapours |       |     1 |       |       ||     1
         Foxfire           |       |       |    67 |       ||    67
    Use: Potion            |     1 |     2 |     1 |     1 ||     5
         Scroll            |       |       |     8 |     2 ||    10
 Armour: Robe              |    28 |     4 |    35 |       ||    67
  Dodge: Dodged            |    79 |    17 |   116 |     1 ||   213

Table legend: (Time is in decaauts)
 A = Elapsed time spent in this place.
 B = Non-inter-level travel time spent in this place.
 C = Inter-level travel time spent in this place.
 D = Time resting spent in this place.
 E = Time spent auto-exploring this place.
 F = Levels seen in this place.
 G = Mean time per level.
                   A        B        C        D        E       F      G
               +--------+--------+--------+--------+--------+-----+--------+
         Total |   9692 |   9410 |    282 |      0 |   8135 |   9 | 1076.9 |
       Dungeon |   9653 |   9393 |    260 |      0 |   8130 |   8 | 1206.6 |
        Temple |     38 |     16 |     22 |      0 |      5 |   1 |   38.0 |
               +--------+--------+--------+--------+--------+-----+--------+

Top non-repeatable levels by time:
     D:7: 1503 daAuts
     D:1: 1430 daAuts
     D:5: 1341 daAuts
     D:4: 1285 daAuts
     D:6: 1260 daAuts
     D:3: 1205 daAuts
     D:2: 1026 daAuts
     D:8: 600 daAuts
  Temple: 38 daAuts
